 Dungeon Crawl Stone Soup version 0.25-a0-435-g4b9beb1 (webtiles) character file.

Game seed: 3455839685500794901, levelgen mode: deterministic

25132 loquitran the Covert (level 13, -15/89 HPs)
             Began as a Halfling Artificer on Jan 26, 2020.
             Was a Priest of Wu Jian.
             Killed from afar by a deep elf mage (18 damage)
             ... with a bolt of fire
             ... on level 2 of the Elven Halls.
             The game lasted 01:41:16 (19945 turns).

loquitran the Covert (Halfling Artificer)          Turns: 19945, Time: 01:41:19

Health: -15/89     AC: 19    Str: 17    XL:     13   Next: 48%
Magic:  15/15      EV: 11    Int: 16    God:    Wu Jian [***...]
Gold:   627        SH:  0    Dex: 16    Spells: 12/12 levels left

rFire    . . .     SeeInvis .   c - +6 quick blade "Spiderslayer" {freeze, Int+7}
rCold    . . .     Gourm    .   (shield restricted)
rNeg     . . .     Faith    .   L - +2 plate armour
rPois    +         Spirit   .   s - +2 hat
rElec    .         Reflect  .   (no cloak)
rCorr    .         Harm     .   (no gloves)
MR       +....                  (no boots)
Stlth    +.........             l - amulet of regeneration
HPRegen  0.64/turn              t - ring of protection from magic
MPRegen  0.14/turn              i - ring of poison resistance

@: no status effects
A: small, mutation resistance 1, MP-powered wands
a: Wall Jump, Serpent's Lash, Renounce Religion


You were on level 2 of the Elven Halls.
You worshipped Wu Jian.
Wu Jian was most pleased with you.
You were not hungry.

You visited 3 branches of the dungeon, and saw 13 of its levels.

You collected 1107 gold pieces.
You spent 480 gold pieces at shops.

Inventory:

Hand Weapons
 c - the +6 quick blade "Spiderslayer" (weapon) {freeze, Int+7}
   (You acquired it on level 9 of the Dungeon)

   It has been specially enchanted to freeze those struck by it, causing extra
   injury to most foes and up to half again as much damage against particularly
   susceptible opponents.
   It can also slow down cold-blooded creatures.
   It affects your intelligence (+7).
 g - a +5 spear
 h - the +1 whip "Sugarat" {freeze, rC++}
   (You found it on level 9 of the Dungeon)

   It has been specially enchanted to freeze those struck by it, causing extra
   injury to most foes and up to half again as much damage against particularly
   susceptible opponents.
   It can also slow down cold-blooded creatures.
   It greatly protects you from cold.
 x - a +4 scimitar of holy wrath
 E - a +1 dagger of draining
 R - a +0 shortbow
 T - a +4 dagger of electrocution
Missiles
 v - 46 poisoned darts (quivered)
 O - 206 arrows
 V - 39 boomerangs
Armour
 s - a +2 hat (worn)
 u - a +0 robe of magic resistance
 w - a +0 pair of gloves
 L - a +2 plate armour (worn)
 W - +0 swamp dragon scales
Jewellery
 b - a +4 ring of protection {unknown}
 i - a ring of poison resistance (right hand)
 k - a +5 ring of strength {unknown}
 l - an amulet of regeneration (around neck)
 p - an uncursed ring of stealth {unknown}
 r - an uncursed ring of stealth {unknown}
 t - a ring of protection from magic (left hand)
 z - an uncursed ring of flight {unknown}
 F - an uncursed ring of wizardry {unknown}
 J - a cursed ring of teleportation {unknown}
Wands
 d - a wand of enslavement (10)
 e - a wand of random effects (15)
 o - a wand of paralysis (2)
 I - a wand of polymorph (1)
 K - a wand of flame (11)
 Q - a wand of disintegration (13)
Scrolls
 m - 8 scrolls of teleportation
 n - a scroll of magic mapping
 A - a scroll of fog
 H - 2 scrolls of remove curse
 M - a scroll of random uselessness
 N - 5 scrolls of amnesia
Potions
 a - a potion of magic
 q - a potion of might
 C - 3 potions of brilliance
Comestibles
 f - 11 rations
 j - 8 chunks of flesh


   Skills:
 + Level 8.4 Fighting
 - Level 10.1(10.5) Short Blades
 * Level 3.7(6.6) Long Blades
 - Level 8.5 Polearms
 - Level 11.0 Armour
 - Level 5.6 Dodging
 - Level 12.1 Stealth
 - Level 3.0 Evocations


You had 12 spell levels left.
You didn't know any spells.
Your spell library was empty.

Dungeon Overview and Level Annotations

Branches:
Dungeon (9/15)             Temple (0/1) D:7             Orc (2/2) D:9
    Elf (1/3) Orc:2
   Lair: D:8-11

Altars:
Ashenzari
Fedhas
Gozag
Kikubaaqudgha
Makhleb
Okawaru
Qazlal
Sif Muna
Trog
Wu Jian
Yredelemnul
Beogh

Shops:
D:6 %=   D:8 =   Orc:1 *   Orc:2 [*=(


Innate Abilities, Weirdness & Mutations

You are small and have problems with some larger weapons.
You are somewhat resistant to further mutation.
You expend magic power (3 MP) to strengthen your wands.


Message History

The +0 dire flail of protection hits you!
The deep elf mage gestures wildly while chanting.
The deep elf mage blinks!
The +0 dire flail of protection hits you!
* * * LOW HITPOINT WARNING * * *
The +0 dire flail of protection closely misses you.
As you read the scroll of teleportation, it crumbles to dust.
You feel strangely unstable.
The +0 dire flail of protection hits you.
* * * LOW HITPOINT WARNING * * *
The +0 dire flail of protection hits you!!
* * * LOW HITPOINT WARNING * * *
There is an open door here.
Your surroundings suddenly seem different.
A deep elf mage comes into view. It is wielding a +0 short sword.
The deep elf mage shouts!
A +0 flail of protection comes into view.
The deep elf mage casts a spell at you. The bolt of fire hits you!!
You die...

.....# #..
......### #..#
........##...##
..............#
...............
..............#
.............#
.......@.....#
..............#
...............
......e.......#
........#....##
.......###...#
......# #..(#
...... ....


You could see a deep elf mage and a +0 flail of protection.

Vanquished Creatures
  A deep elf demonologist (Elf:2)
  Erolcha (Orc:2)
  4 two-headed ogres
  2 dancing weapons (Elf:2)
  5 orc high priests
  A deep elf knight (Elf:2)
  3 deep elf archers (Elf:2)
  An orc knight (Orc:1)
  5 deep elf magi
  6 orc sorcerers
  A cyclops (D:7)
  Joseph (D:7)
  Maggie (D:6)
  3 trolls
  2 hippogriffs
  Grinder (D:4)
  Sigmund (D:6)
  4 hogs (D:7)
  A human (D:7)
  A hungry ghost (D:9)
  2 wargs (Orc:1)
  2 ice beasts
  A sky beast (D:7)
  26 orc warriors
  2 black bears
  4 phantoms
  6 ogres
  4 centaurs
  3 bullfrogs
  A scorpion (D:8)
  2 spriggan skeletons (D:9)
  5 wights (D:8)
  3 howler monkeys
  4 crimson imps
  A bullfrog zombie (D:8)
  3 hounds
  A quasit (D:9)
  2 jellies
  9 orc priests
  A bullfrog skeleton (D:8)
  4 centaur skeletons (D:9)
  5 orc wizards
  An iguana (D:4)
  3 worker ants
  A hound skeleton (D:7)
  A worker ant zombie (D:6)
  Robin (D:2)
  8 adders
  7 gnolls
  A howler monkey skeleton (D:7)
  2 shadow imps
  2 adder skeletons
  2 worms
  9 leopard geckos
  45 orcs
  7 bats
  10 giant cockroaches
  13 goblins
  13 hobgoblins
  7 jackals
  9 kobolds
  4 quokkas
  7 frilled lizards
  A jackal skeleton (D:8)
  A leopard gecko skeleton (D:3)
  5 rats
296 creatures vanquished.

Vanquished Creatures (collateral kills)
  2 orc high priests
  An orc warrior (Elf:2)
  An orc wizard (D:3)
  An orc (D:3)
  2 goblins (D:2)
  A bat (D:3)
8 creatures vanquished.

Vanquished Creatures (others)
  A deep elf knight (Elf:2)
  A deep elf mage (Elf:2)
  An orc priest (D:3)
  An adder (D:5)
  A worm (D:4)
  2 orcs
  2 goblins (D:2)
  7 fungi (Orc:2)
16 creatures vanquished.

Grand Total: 320 creatures vanquished

Notes
Turn   | Place    | Note
-------+----------+-------------------------------------------
     0 | D:1      | loquitran the Halfling Artificer began the quest for the
                  | Orb.
     0 | D:1      | Reached XP level 1. HP: 12/12 MP: 3/3
    31 | D:1      | Reached skill level 1 in Fighting
   128 | D:1      | Reached XP level 2. HP: 16/18 MP: 4/4
   414 | D:1      | Reached XP level 3. HP: 23/23 MP: 5/5
  1159 | D:2      | Reached XP level 4. HP: 23/29 MP: 6/6
  1344 | D:2      | Found an opulent altar of Gozag.
  1482 | D:2      | Noticed Robin
  1504 | D:2      | Killed Robin
  1936 | D:3      | Reached XP level 5. HP: 12/35 MP: 7/7
  3716 | D:4      | Noticed Grinder
  3729 | D:4      | Killed Grinder
  3729 | D:4      | Reached XP level 6. HP: 25/42 MP: 8/8
  3908 | D:4      | Reached XP level 7. HP: 37/46 MP: 9/9
  4142 | D:4      | Reached skill level 5 in Short Blades
  4169 | D:4      | Reached skill level 5 in Dodging
  4651 | D:4      | Found an iron altar of Okawaru.
  5212 | D:5      | Entered Level 5 of the Dungeon
  5280 | D:5      | Reached XP level 8. HP: 33/54 MP: 10/10
  6318 | D:5      | Found an ornate altar of the Wu Jian Council.
  6323 | D:5      | Became a worshipper of the Wu Jian Council
  6758 | D:5      | Reached skill level 5 in Fighting
  6758 | D:5      | Reached skill level 1 in Armour
  7053 | D:6      | Found an ancient bone altar of Kikubaaqudgha.
  7111 | D:6      | Found a basalt altar of Yredelemnul.
  7164 | D:6      | Found Byinargh's Food Boutique.
  7227 | D:6      | Noticed Sigmund
  7241 | D:6      | Killed Sigmund
  7241 | D:6      | Reached XP level 9. HP: 49/61 MP: 11/11
  7368 | D:6      | Found Pacligh's Jewellery Boutique.
  7439 | D:6      | Noticed Maggie
  7462 | D:6      | HP: 1/91 [Maggie/bolt of fire (20)]
  7471 | D:6      | Killed Maggie
  7471 | D:6      | Reached skill level 5 in Armour
  7807 | D:6      | Found a burning altar of Makhleb.
  7864 | D:7      | Noticed a cyclops
  8009 | D:7      | Noticed a hippogriff
  8032 | D:7      | Killed a hippogriff
  8044 | D:7      | Found a bloodstained altar of Trog.
  8444 | D:7      | Reached * piety under Wu Jian
  8486 | D:7      | Found a staircase to the Ecumenical Temple.
  8599 | D:7      | Noticed Joseph
  8631 | D:7      | Killed Joseph
  8637 | D:7      | Reached XP level 10. HP: 50/69 MP: 12/12
  9127 | D:7      | Gained mutation: Your flesh is heat resistant. (rF+)
                  | [potion of mutation]
  9128 | D:7      | Lost mutation: Your flesh is heat resistant. (rF+) [potion
                  | of mutation]
  9128 | D:7      | Gained mutation: Scrolls take you a little longer to read.
                  | [potion of mutation]
  9128 | D:7      | Gained mutation: You have sharp fingernails. [potion of
                  | mutation]
  9128 | D:7      | Gained mutation: You expend magic power (3 MP) to
                  | strengthen your wands. [potion of mutation]
  9129 | D:7      | Lost mutation: Scrolls take you a little longer to read.
                  | [potion of mutation]
  9129 | D:7      | Lost mutation: You have sharp fingernails. [potion of
                  | mutation]
  9486 | D:7      | Killed a cyclops
 10779 | D:8      | Noticed a two-headed ogre
 10794 | D:8      | Killed a two-headed ogre
 11148 | D:8      | Found Mixed's Jewellery Emporium.
 11182 | D:8      | Noticed a two-headed ogre
 11210 | D:8      | Killed a two-headed ogre
 11210 | D:8      | Reached skill level 10 in Short Blades
 11210 | D:8      | Reached skill level 10 in Armour
 11210 | D:8      | Reached XP level 11. HP: 62/76 MP: 13/13
 11430 | D:8      | Noticed a two-headed ogre
 11449 | D:8      | Killed a two-headed ogre
 11449 | D:8      | Reached skill level 2 in Stealth
 11805 | D:8      | Found a stormy altar of Qazlal.
 11806 | D:8      | Found a blossoming altar of Fedhas.
 11807 | D:8      | Found a bloodstained altar of Trog.
 12404 | D:9      | Reached skill level 3 in Stealth
 12408 | D:9      | Found a shimmering blue altar of Sif Muna.
 12517 | D:9      | Got an ancient whip
 12518 | D:9      | Identified the cursed +1 whip "Sugarat" {freeze, rC++} (You
                  | found it on level 9 of the Dungeon)
 12792 | D:9      | Found a staircase to the Orcish Mines.
 12821 | D:9      | Found a roughly hewn altar of Beogh.
 12826 | D:9      | Reached ** piety under Wu Jian
 12860 | D:9      | Reached skill level 4 in Stealth
 13049 | D:9      | Reached skill level 5 in Stealth
 13268 | D:9      | Found a shattered altar of Ashenzari.
 13359 | Orc:1    | Entered Level 1 of the Orcish Mines
 13359 | Orc:1    | Found Horghi Baot's Mass Market.
 13362 | Orc:1    | Noticed an orc high priest
 13377 | Orc:1    | Noticed an orc sorcerer
 13414 | Orc:1    | Noticed an orc sorcerer
 13553 | D:9      | Killed an orc sorcerer
 13553 | D:9      | Reached skill level 6 in Stealth
 13675 | Orc:1    | Killed an orc sorcerer
 13696 | D:9      | Killed an orc high priest
 13696 | D:9      | Reached skill level 7 in Stealth
 14224 | Orc:1    | Noticed an orc sorcerer
 14245 | Orc:1    | Killed an orc sorcerer
 14245 | Orc:1    | Reached skill level 8 in Stealth
 14827 | Orc:2    | Entered Level 2 of the Orcish Mines
 14827 | Orc:2    | Noticed a two-headed ogre
 14846 | Orc:1    | Killed a two-headed ogre
 14846 | Orc:1    | Reached skill level 9 in Stealth
 15197 | Orc:2    | Noticed an orc high priest
 15199 | Orc:2    | Noticed a sixfirhy
 15273 | Orc:2    | Reached XP level 12. HP: 65/82 MP: 14/14
 15290 | Orc:2    | Killed an orc high priest
 15447 | Orc:1    | Reached skill level 1 in Polearms
 15447 | Orc:1    | Reached skill level 10 in Stealth
 15872 | Orc:2    | Reached *** piety under Wu Jian
 15884 | Orc:2    | Noticed an orc high priest
 15900 | Orc:2    | Killed an orc high priest
 16401 | Orc:2    | Noticed an orc warlord
 17371 | D:9      | Identified a scroll of acquirement
 17371 | D:9      | Identified the +1 scale mail of the King {rElec Str+3
                  | Dex+4} (You acquired it on level 9 of the Dungeon)
 17371 | D:9      | Identified the ring of the Evil One {rN+ Dex+6} (You
                  | acquired it on level 9 of the Dungeon)
 17371 | D:9      | Identified the +6 quick blade "Spiderslayer" {freeze,
                  | Int+7} (You acquired it on level 9 of the Dungeon)
 17770 | D:8      | HP: 4/82 [orc warlord/+0 great mace (14)]
 18118 | Orc:2    | Noticed an orc high priest
 18127 | Orc:2    | Killed an orc high priest
 18127 | Orc:2    | Reached skill level 11 in Stealth
 18180 | Orc:2    | Found Soudeec's Jewellery Emporium.
 18188 | Orc:2    | Bought an uncursed amulet of regeneration for 480 gold
                  | pieces
 18215 | Orc:2    | Found Arogouken's Antique Armour Shop.
 18306 | Orc:2    | Found Hotieg's General Store.
 18849 | Orc:2    | Noticed an orc high priest
 18869 | Orc:2    | Killed an orc high priest
 18879 | Orc:2    | Found a staircase to the Elven Halls.
 18880 | Orc:2    | Noticed an orc high priest
 18882 | Orc:2    | Found Nequk's Antique Weapon Shoppe.
 18897 | Orc:2    | Killed an orc high priest
 18897 | Orc:2    | Reached skill level 5 in Polearms
 18921 | Orc:2    | Noticed Erolcha
 18958 | Orc:2    | Killed Erolcha
 18958 | Orc:2    | Reached skill level 12 in Stealth
 19331 | Elf:1    | Entered Level 1 of the Elven Halls
 19354 | Elf:1    | You fall into a shaft and drop 1 floor!
 19366 | Elf:2    | Noticed a deep elf knight
 19366 | Elf:2    | Noticed a deep elf knight
 19366 | Elf:2    | Noticed an orc high priest
 19368 | Elf:2    | Reached XP level 13. HP: 88/88 MP: 11/15
 19697 | Elf:2    | Noticed a deep elf demonologist
 19704 | Elf:2    | Noticed a Brimstone Fiend
 19772 | Elf:2    | Reached skill level 1 in Long Blades
 19818 | Elf:2    | Killed a deep elf demonologist
 19943 | Elf:2    | HP: 2/89 [+0 dire flail of protection (22)]
 19945 | Elf:2    | Killed from afar by a deep elf mage

Levels and vault maps discovered:
D:1:      ncdulo_lavacross, layout_loops_ring
D:2:      layout_basic, grunt_gozag_statues, uniq_robin
D:3:      layout_loops_ring, portal_sewer_entry_f, minmay_vboxes
D:4:      layout_basic, okawaru_altar_gauntlet_db, first_ration, uniq_grinder
D:5:      layout_basic, kennysheep_little_box, minivault_25
D:6:      layout_cave_pools, overflow_temple_1_default, lightli_temple_of_fire,
          yredelemnul_altar_generic, serial_shops, nicolae_shop_window_shopping,
          shop, uniq_maggie, uniq_sigmund
D:7:      layout_loops_corners, minmay_temple_entry_nine_rooms, basic_altar,
          grunt_livestock, grunt_ministairs_6, uniq_joseph
D:8:      minmay_inner_zag, layout_basic, minitemple, serial_shops,
          kennysheep_mini_moat, hangedman_decor_clover_reticule
D:9:      layout_long_grid, kennysheep_mini, lemuel_crystal_altar,
          minmay_orc_entry_temple_small, hangedman_tell_no_tales
Orc:1:    layout_caves, minmay_shop_mass
Orc:2:    grunt_orc_gardens, layout_caves, grunt_orc_garden, grunt_orc_garden,
          grunt_orc_garden, grunt_orc_garden, uniq_erolcha
Elf:1:    layout_geoelf_octagon, hangedman_elf_disciples, lemuel_flame_loot_1
Elf:2:    layout_geoelf_grid, serial_shops, nicolae_shop_statue_plus

Skill      XL: |  1  2  3  4  5  6  7  8  9 10 11 12 13 |
---------------+----------------------------------------+-----
Fighting       | 1 2 3 4 5 6 7 8 |  8.4
Short Blades   | 2 3 4 5 7 8 10 | 10.1
Dodging        | 3 4 5 |  5.6
Armour         | 4 7 10 11 | 11.0
Stealth        | 9 12 | 12.1
Polearms       | 6 8 |  8.5
Long Blades    | 3 |  3.7
Evocations     | |  3.0

Action                   |  1- 3 |  4- 6 |  7- 9 | 10-12 | 13-15 || total
-------------------------+-------+-------+-------+-------+-------++-------
Melee: Short sword       |   130 |   283 |   181 |       |       ||   594
       Dagger            |       |       |   686 |   910 |       ||  1596
       Quick blade       |       |       |       |   287 |   152 ||   439
Throw: Dart              |       |    34 |    94 |    54 |       ||   182
Invok: Lunge             |       |       |     9 |    24 |     4 ||    37
       Whirlwind         |       |       |       |    13 |       ||    13
       Serpent's Lash    |       |       |       |     1 |     1 ||     2
Evoke: Wand              |     3 |    15 |     6 |    16 |    13 ||    53
  Use: Scroll            |       |     3 |     7 |    14 |     1 ||    25
       Potion            |       |       |     2 |    14 |     2 ||    18
 Stab: Sleeping          |     1 |       |       |       |       ||     1
       Paralysed         |       |       |       |     1 |       ||     1
  Eat: Chunk             |     1 |     9 |     9 |     7 |     1 ||    27
       Ration            |       |       |     2 |     9 |     1 ||    12
Armor: Leather armour    |    22 |     8 |       |       |       ||    30
       Chain mail        |       |   123 |   148 |       |       ||   271
       Plate armour      |       |       |   157 |   314 |    14 ||   485
       Skin              |       |       |    12 |       |       ||    12
Dodge: Dodged            |    94 |   137 |   262 |   295 |    16 ||   804

Table legend:
 A = Non-vault XP
 B = Vault XP
 C = Vault XP percentage of total XP
 D = Non-vault monster count
 E = Vault monster count
 F = Vault count percentage of total count
                 A         B        C        D         E       F
            +---------+---------+-------+---------+---------+-------
      Total |   22839 |   13064 |  36.4 |     230 |      77 |  25.1
            +---------+---------+-------+---------+---------+-------
        D:1 |      54 |       0 |   0.0 |      30 |       0 |   0.0
        D:2 |      60 |      24 |  28.6 |      19 |       7 |  26.9
        D:3 |      86 |      26 |  23.2 |      20 |       8 |  28.6
        D:4 |     404 |     260 |  39.2 |      28 |       7 |  20.0
        D:5 |     646 |       0 |   0.0 |      13 |       0 |   0.0
        D:6 |     443 |     646 |  59.3 |       6 |       2 |  25.0
        D:7 |    1538 |    1391 |  47.5 |      21 |       7 |  25.0
        D:8 |    2640 |    1265 |  32.4 |      21 |       5 |  19.2
        D:9 |    2528 |     856 |  25.3 |      21 |      14 |  40.0
      Orc:1 |    2935 |    1305 |  30.8 |      20 |       6 |  23.1
      Orc:2 |    1749 |    7291 |  80.7 |      10 |      21 |  67.7
      Elf:1 |     595 |       0 |   0.0 |       1 |       0 |   0.0
      Elf:2 |    9161 |       0 |   0.0 |      20 |       0 |   0.0
            +---------+---------+-------+---------+---------+-------
